 Dungeon Crawl Stone Soup version 0.28.0-49-g6dfe1f597d (webtiles) character file.

Game seed: 10933309379637123029

37 Zeld the Grave Robber (level 3, -10/26 HPs)
             Began as a Mummy Necromancer on May 18, 2022.
             Mangled by a gnoll
             ... wielding the +8 woodcutter's axe {vorpal}
              (21 damage)
             ... on level 2 of the Dungeon.
             The game lasted 00:01:44 (1814 turns).

Zeld the Grave Robber (Mummy Necromancer)           Turns: 1814, Time: 00:01:44

Health: -10/26     AC:  2    Str: 11    XL:     3   Next: 21%
Magic:  4/7        EV: 12    Int: 16    God:
Gold:   24         SH:  0    Dex: 12    Spells: 3/8 levels left

rFire   x . .      SeeInvis .   (no weapon)
rCold   + . .      Faith    .   (no shield)
rNeg    + + +      Spirit   .   a - +0 robe
rPois   ∞          Reflect  .   (no helmet)
rElec   .          Harm     .   (no cloak)
rCorr   .          Rampage  .   (no gloves)
Will    .....                   (no boots)
Stlth   ++........              (no amulet)
HPRegen 0.08/turn               (no ring)
MPRegen 0.10/turn               (no ring)

@: no status effects
A: cold resistance 1, negative energy resistance 3, torment resistance 2, heat
vulnerability 1, no potions
a: no special abilities


You were on level 2 of the Dungeon.
You visited 1 branch of the dungeon, and saw 2 of its levels.

You collected 24 gold pieces.

Inventory:

Armour
 a - a +0 robe (worn)
Scrolls
 b - a scroll of immolation {unknown}
 c - a scroll of noise {unknown}
 d - 2 scrolls of teleportation {unknown}


   Skills:
 * Level 1.4 Fighting
 - Level 1.5 Dodging
 + Level 1.8 Stealth
 * Level 3.3 Spellcasting
 * Level 4.3 Necromancy


You had 3 spell levels left.
You knew the following spells:

 Your Spells              Type           Power      Damage    Failure   Level
a - Pain                  Necr           64%        1d7       3%          1
b - Animate Skeleton      Necr           32%        N/A       3%          1
c - Vampiric Draining     Necr           16%        2d7       10%         3

Your spell library contained the following spells:

 Spells                   Type           Power      Damage    Failure   Level
 Animate Dead             Necr           8%         N/A       30%         4
 Agony                    Necr           16%        N/A       65%         5


Dungeon Overview and Level Annotations

Branches:
Dungeon (2/15)

Altars:


Innate Abilities, Weirdness & Mutations

You are immune to poison.
Your flesh is cold resistant. (rC+)
You are immune to negative energy. (rN+++)
You are immune to unholy pain and torment.
You are vulnerable to heat. (rF-)
You do not drink.


Message History

Aim: a gnoll, wielding a +0 halberd of venom (almost dead, chance to affect: 78%)
The gnoll writhes in agony.
You kill the gnoll!
You have reached level 3!
Your experience leads to an increase in your attributes!
Increase (S)trength, (I)ntelligence, or (D)exterity?
You feel clever. x2
This spell is quite dangerous to cast!
Memorise Vampiric Draining, consuming 3 spell levels and leaving 3?
You start memorising the spell.
You continue memorising. x3
You finish memorising.
Spell assigned to 'c'.
Unknown command.
Magic restored.
A gnoll is nearby!
A gnoll is nearby!
A gnoll is nearby!
Casting: Pain (safe; 3% risk of failure)
Confirm with . or Enter, or press ? or * to list all spells.
Aiming: Pain (safe; 3% risk of failure)
Press: ? - help, Shift-Dir - straight line, f - gnoll
Aim: a gnoll, wielding the +8 woodcutter's axe {vorpal} (wandering, hasn't noticed you, chance to affect: 80%)
The gnoll shouts!
The gnoll writhes in agony!
Unknown command.
Casting: Pain (safe; 3% risk of failure)
Confirm with . or Enter, or press ? or * to list all spells.
Aiming: Pain (safe; 3% risk of failure)
Press: ? - help, Shift-Dir - straight line, f/p - gnoll
Aim: a gnoll, wielding the +8 woodcutter's axe {vorpal} (heavily wounded, chance to affect: 80%)
The gnoll writhes in agony.
Unknown command.
Casting: Pain (safe; 3% risk of failure)
Confirm with . or Enter, or press ? or * to list all spells.
Aiming: Pain (safe; 3% risk of failure)
Press: ? - help, Shift-Dir - straight line, f/p - gnoll
Aim: a gnoll, wielding the +8 woodcutter's axe {vorpal} (almost dead, chance to affect: 80%)
The gnoll barely resists.
The gnoll hits you with the +8 woodcutter's axe {vorpal}!!
Ouch! That really hurt!
You die...

#........#
..........#
#.........#######
##..............#
#........#####.#
########## #.#
#.# #.## . #.@#
... ##g#
.♣..)♣♣#)#
.g$......#
♣g...♣♣### .). .


You could see a gnoll.

Vanquished Creatures
  A gnoll (D:2)
  2 endoplasms
  4 goblins
  4 kobolds
  3 quokkas (D:1)
  3 ball pythons
  5 bats (D:1)
  2 frilled lizards (D:1)
  A rat (D:1)
25 creatures vanquished.

Notes
Turn   | Place    | Note
-------+----------+-------------------------------------------
     0 | D:1      | Zeld the Mummy Necromancer began the quest for the Orb.
     0 | D:1      | Reached XP level 1. HP: 13/13 MP: 4/4
     2 | D:1      | Learned a level 1 spell: Animate Skeleton
   355 | D:1      | Reached XP level 2. HP: 20/20 MP: 0/6
   655 | D:1      | Reached skill level 1 in Fighting
  1757 | D:2      | Reached XP level 3. HP: 6/26 MP: 1/7
  1761 | D:2      | Learned a level 3 spell: Vampiric Draining
  1814 | D:2      | Mangled by a gnoll

Illustrated notes

Levels and vault maps discovered:
D:1:      minmay_arrival_four_houses, layout_basic, serial_glass,
          glass_columns_a, glass_columns_b, glass_columns_a, glass_columns_a,
          glass_columns_a, chequers_serial_rivers_marsh, minivault_26
D:2:      layout_rooms, chequers_ecumenical_altar_lobes, basic_altar,
          pf_guarded_unrand_woodcutter, uniq_sigmund

Skill      XL: |  1  2 |
---------------+-------+-----
Spellcasting   | 3 |  3.3
Fighting       | 1 |  1.4
Dodging        | |  1.5
Stealth        | |  1.8
Necromancy     | |  4.3

Action                   || total
-------------------------++-------
Melee: Unarmed           ||    12
 Cast: Pain              ||    54
Armor: Robe              ||     2
Dodge: Dodged            ||    19
